 Dungeon Crawl Stone Soup version 0.17-a0-802-g1f09329 (webtiles) character file.

9093 oplop the Geomancer (level 11, -37/53 HPs)
             Began as a Gargoyle Earth Elementalist on Apr 26, 2015.
             Was a Priest of Cheibriados.
             Killed from afar by a tengu reaver (48 damage)
             ... with a fireball
             ... on level 11 of the Dungeon.
             The game lasted 00:44:51 (11995 turns).

oplop the Geomancer (Gargoyle Earth Elementalist)  Turns: 11995, Time: 00:44:52

Health: -37/53     AC:  9    Str: 19    XL:     11   Next: 41%
Magic:  1/20       EV: 13    Int: 31    God:    Cheibriados [***...]
Gold:   522        SH:  6    Dex: 18    Spells: 6 memorised, 8 levels left

rFire  . . .     SeeInvis .     f - 337 stones
rCold  + . .     Clarity  .     b - +1 robe
rNeg   + + .     SustAb   +     L - +0 buckler of Lugonu's Indignation {rC+ Int+3}
rPois  ∞         Gourm    .     (no helmet)
rElec  +         Spirit   .     (no cloak)
rCorr  .         Warding  +     (no gloves)
rMut   .         Stasis   .     (no boots)
MR     .....                    k - amulet of warding
Stlth  ++........               p - ring of sustain abilities
                                g - +1 ring of evasion

@: very slow, not resistant to hostile enchantments, unstealthy
A: deformed body, frail 2, low mp 1, negative energy resistance 1, screaming 1,
electricity resistance, unbreathing, petrification resistance, rot immunity,
placid magic 1, MP-powered wands, AC +7
a: Bend Time, Temporal Distortion, Renounce Religion


You were on level 11 of the Dungeon.
You worshipped Cheibriados.
Cheibriados was most pleased with you.
You were hungry.

You visited 2 branches of the dungeon, and saw 12 of its levels.
You also visited: Sewer.

You collected 557 gold pieces.
You spent 35 gold pieces at shops.

Inventory:

Hand weapons
 n - a +1 short sword of holy wrath
 G - a +3 whip of freezing
 N - the +9 mace of Bread {drain, Noisy +Inv rN+++}
   (You found it on level 8 of the Dungeon)

   A truly terrible weapon, it drains the life of those it strikes.
   It renders you almost immune to negative energy.
   It lets you turn invisible.
   It may make noises in combat.
Missiles
 f - 337 stones (in hand)
Armour
 b - a +1 robe (worn)
 L - the +0 buckler of Lugonu's Indignation (worn) {rC+ Int+3}
   (You acquired it on level 8 of the Dungeon)

   It affects your intelligence (+3).
   It protects you from cold.
Jewellery
 g - a +1 ring of evasion (left hand)
 k - an amulet of warding (around neck)
 o - an uncursed ring of teleportation
 p - a ring of sustain abilities (right hand)
 v - an uncursed ring of stealth
 H - a cursed -2 ring of dexterity {unknown}
 M - an uncursed amulet of faith {unknown}
 R - an uncursed ring of teleport control {unknown}
Magical devices
 D - a wand of confusion (16)
 E - a wand of polymorph (11)
 F - a wand of draining (3)
 K - a wand of enslavement (12)
Scrolls
 e - 3 scrolls of amnesia
 i - a scroll of fear
 l - a scroll of brand weapon
 r - a scroll of recharging
 t - a scroll of teleportation
 w - a scroll of enchant armour
 x - 6 scrolls of identify
 y - 2 scrolls of enchant weapon
 A - 2 scrolls of magic mapping
 C - a scroll of fog
 I - a scroll of acquirement
 J - 3 scrolls of remove curse
Potions
 j - 7 potions of might
 m - 3 potions of curing
 q - 3 potions of flight
 s - a potion of haste
 z - a potion of brilliance
 B - a potion of invisibility
Books
 a - a book of Ice

   Spells                             Type                      Level
   a - Ice Form                       Ice/Transmutation            4
   b - Metabolic Englaciation         Hexes/Ice                    5
   c - Ozocubu's Refrigeration        Ice                          6
   d - Bolt of Cold                   Conjuration/Ice              6
   e - Freezing Cloud                 Conjuration/Ice/Air          6
   f - Simulacrum                     Ice/Necromancy               6
 c - a book of Geomancy

   Spells                             Type                      Level
   a - Sandblast                      Earth                        1
   b - Stoneskin                      Transmutation/Earth          2
   c - Passwall                       Transmutation/Earth          3
   d - Stone Arrow                    Conjuration/Earth            3
   e - Petrify                        Transmutation/Earth          4
   f - Lee's Rapid Deconstruction     Earth                        5
 O - a book of the Earth

   Spells                             Type                      Level
   a - Leda's Liquefaction            Hexes/Earth                  4
   b - Bolt of Magma                  Conjuration/Fire/Earth       5
   c - Statue Form                    Transmutation/Earth          6
   d - Iron Shot                      Conjuration/Earth            6
   e - Shatter                        Earth                        9
Comestibles
 d - 9 bread rations
 h - 6 meat rations


   Skills:
 - Level 7.1 Fighting
 - Level 0.1 Short Blades
 + Level 5.7 Maces & Flails
 + Level 3.4 Armour
 - Level 1.5 Dodging
 - Level 2.1 Stealth
 - Level 5.0 Shields
 - Level 0.2 Unarmed Combat
 + Level 8.2 Spellcasting
 - Level 1.0 Transmutations
 + Level 11.0 Earth Magic
 - Level 6.8 Invocations


You had 8 spell levels left.
You knew the following spells:

 Your Spells              Type           Power        Failure   Level  Hunger
a - Sandblast             Erth           ######       0%          1    None
b - Stoneskin             Trmt/Erth      ####....     1%          2    None
c - Stone Arrow           Conj/Erth      ####..       1%          3    None
d - Passwall              Trmt/Erth      ####......   1%          3    None
e - Lee's Rapid Deconstr  Erth           ######....   1%          5    ####...
f - Petrify               Trmt/Erth      ####....     1%          4    None


Dungeon Overview and Level Annotations

Branches:
Dungeon (11/15)            Temple (1/1) D:4             Orc (0/4) D:9
   Lair: D:8-11

Altars:
Ashenzari
Cheibriados
Dithmenos
Elyvilon
Fedhas
Gozag
Kikubaaqudgha
Makhleb
Nemelex Xobeh
Okawaru
Qazlal
Ru
Sif Muna
Trog
Vehumet
Xom
Yredelemnul
Zin
The Shining One

Shops:
D:8 *   D:10 (

Annotations:
D:7 Viceroy's ghost, experienced MiFi
D:8 exclusion: wandering mushroom


Innate Abilities, Weirdness & Mutations

You are resistant to torment.
Your stone body is resilient (AC +7).
You are immune to poison.
You resist negative energy.
You are resistant to electric shocks.
You can survive without breathing.
You are immune to petrification.
You are immune to rotting.
Armour fits poorly on your strangely shaped body.
You are very frail (-20% HP).
Your magical capacity is low (-10% MP).
You occasionally shout uncontrollably at your foes.
Your spells are a little easier to cast, but a little less powerful.
You expend magic power (3 MP) to strengthen your wands.


Message History

Aiming: Sandblast
Press: ? - help, Shift-Dir - straight line, f - tengu reaver
Aim: a tengu reaver, wielding a bardiche and wearing a scale mail (severely wounded)
The rocky blast hits the tengu reaver.
The tengu reaver is severely wounded.
The tengu reaver gestures at you while chanting.
The fireball explodes!
The fireball engulfs you! You resist.
* * * LOW HITPOINT WARNING * * *
Casting: Sandblast
Confirm with . or Enter, or press ? or * to list all spells.
Aiming: Sandblast
Press: ? - help, Shift-Dir - straight line, f/p - tengu reaver
Aim: a tengu reaver, wielding a bardiche and wearing a scale mail (severely wounded)
The rocky blast hits the tengu reaver.
The tengu reaver is severely wounded.
Your resistance to elements expires.
The tengu reaver points at you and mumbles some strange words.
The fireball explodes!
The fireball engulfs you!
Ouch! That really hurt!
You die...

≈# # ≈≈≈#### ### 8.≈≈≈..# #..
#8≈≈..# #######+######.. .
#≈≈≈.# #...........##.. ...
#≈≈.# #...........##..
#..#≈≈.# ###...........##..
#.Y#≈≈.# ##.'...........##..
#.e#≈≈.####.@#...........##..
#..#≈≈...*Q.##...............
...
#≈≈.#######...........#).. .
#≈≈≈.# #..........(##..
#≈≈≈..# #...........##..
≈≈≈≈...# #########+######
≈≈....# ..#### #


You could see a tengu reaver.

Vanquished Creatures
  Erolcha (D:10)
  An ugly thing (D:11)
  A two-headed ogre (D:9)
  Eustachio (D:6)
  A hippogriff (D:9)
  4 wraiths
  A wyvern (D:10)
  4 sky beasts
  The ghost of oplop the Sneak, an average SpEn (D:4)
  7 centaurs
  A wasp (D:10)
  6 orc warriors (D:9)
  3 necrophages
  A phantom (D:9)
  6 ogres
  2 ice beasts (D:6)
  A crocodile (D:10)
  2 elf zombies (D:7)
  4 giant frogs
  A wyvern zombie (D:4)
  9 big kobolds (D:8)
  A water moccasin skeleton (D:11)
  2 scorpions
  2 electric eels
  11 killer bees
  7 wights
  2 crimson imps
  A giant frog zombie (D:6)
  4 human zombies (D:7)
  A centaur zombie (D:8)
  6 jellies
  7 hounds
  2 orc priests
  A giant frog skeleton (D:6)
  A human skeleton (D:7)
  5 iguanas
  11 orc wizards
  11 worker ants
  A hound zombie (D:7)
  3 river rats (Sewer)
  15 adders
  A worker ant zombie (D:7)
  4 gnolls (D:5)
  4 shadow imps
  5 oozes
  An adder zombie (D:6)
  2 worms
  2 adder skeletons
  3 giant geckos
  28 orcs
  11 bats
  A bat zombie (D:6)
  8 giant cockroaches
  16 hobgoblins
  21 kobolds
  A quokka (D:6)
  3 ball pythons
  9 giant newts
  2 giant spores
  7 goblins
  10 jackals
  A quokka zombie (D:5)
  16 rats
  7 ballistomycetes
315 creatures vanquished.

Vanquished Creatures (others)
  A quokka (D:6)
1 creature vanquished.

Grand Total: 316 creatures vanquished

Notes
Turn   | Place    | Note
--------------------------------------------------------------
     0 | D:1      | oplop, the Gargoyle Earth Elementalist, began the quest for the Orb.
     0 | D:1      | Reached XP level 1. HP: 10/10 MP: 3/3
    57 | D:1      | Reached skill level 4 in Earth Magic
    99 | D:1      | Reached XP level 2. HP: 14/16 MP: 0/5
   393 | D:1      | Reached skill level 1 in Fighting
   459 | D:1      | You fall through a shaft!
   579 | D:2      | Reached XP level 3. HP: 20/20 MP: 2/6
   623 | D:2      | Found an ancient bone altar of Kikubaaqudgha.
  1356 | D:3      | Noticed an ogre
  1363 | D:3      | Reached XP level 4. HP: 21/26 MP: 4/7
  1367 | D:3      | Killed an ogre
  1367 | D:3      | Reached skill level 5 in Earth Magic
  1367 | D:3      | Reached XP level 5. HP: 24/31 MP: 1/9
  1376 | D:3      | Found a glowing drain.
  1669 | Sewer    | Entered a sewer
  1685 | Sewer    | Learned a level 2 spell: Stoneskin
  2050 | Sewer    | Reached XP level 6. HP: 30/37 MP: 11/11
  2476 | D:3      | Found a sparkling altar of Nemelex Xobeh.
  2518 | D:3      | Reached skill level 1 in Transmutations
  2836 | D:4      | Noticed oplop's ghost (average SpEn)
  2857 | D:4      | Found a runed door.
  2886 | D:4      | Reached skill level 1 in Maces & Flails
  3211 | D:3      | Learned a level 3 spell: Stone Arrow
  3327 | D:4      | Reached XP level 7. HP: 23/42 MP: 13/13
  3339 | D:4      | Reached skill level 6 in Earth Magic
  3700 | D:4      | Found a staircase to the Ecumenical Temple.
  3715 | Temple   | Entered the Ecumenical Temple
  4088 | Temple   | Became a worshipper of Cheibriados the Contemplative
  4142 | D:4      | Killed oplop's ghost
  4198 | D:5      | Entered Level 5 of the Dungeon
  4399 | D:5      | Reached XP level 8. HP: 24/48 MP: 2/15
  4400 | D:5      | Reached skill level 7 in Earth Magic
  4577 | D:5      | Reached skill level 5 in Spellcasting
  4713 | D:5      | Acquired Cheibriados's first power
  4897 | D:5      | Reached skill level 5 in Fighting
  5019 | D:5      | Found a shadowy altar of Dithmenos.
  5132 | D:6      | Reached skill level 8 in Earth Magic
  5189 | D:6      | Found a sacrificial altar of Ru.
  5191 | D:6      | Noticed Eustachio
  5197 | D:6      | Killed Eustachio
  5197 | D:6      | Reached skill level 1 in Invocations
  5445 | D:6      | Reached XP level 9. HP: 37/54 MP: 17/17
  5452 | D:6      | Learned a level 3 spell: Passwall
  5458 | D:6      | Learned a level 5 spell: Lee's Rapid Deconstruction
  5463 | D:6      | Learned a level 4 spell: Petrify
  5494 | D:6      | Reached skill level 9 in Earth Magic
  5591 | D:6      | Gained mutation: Your flesh is cold resistant. [mutagenic meat]
  5592 | D:6      | Gained mutation: You expend magic power (3 MP) to strengthen your wands. [mutagenic meat]
  5593 | D:6      | Lost mutation: Your flesh is cold resistant. [mutagenic meat]
  5594 | D:6      | Gained mutation: Your spells are a little easier to cast, but a little less powerful. [mutagenic meat]
  5998 | D:6      | Found a white marble altar of Elyvilon.
  6028 | D:6      | Reached skill level 10 in Earth Magic
  6367 | D:7      | Noticed Viceroy's ghost (experienced MiFi)
  6876 | D:7      | Found a basalt altar of Yredelemnul.
  7075 | D:7      | Acquired Cheibriados's second power
  7427 | D:7      | Reached skill level 5 in Invocations
  7434 | D:7      | Reached XP level 10. HP: 18/60 MP: 0/19
  8032 | D:7      | Acquired Cheibriados's third power
  8078 | D:8      | Found Ufumowk's Assorted Antiques.
  8093 | D:8      | Bought a scroll labeled JAYBBI QAOXENG for 35 gold pieces
  8094 | D:8      | Got a translucent buckler
  8100 | D:8      | Identified the +0 buckler of Lugonu's Indignation {rC+ Int+3} (You acquired it on level 8 of the Dungeon)
  8143 | D:8      | Got a jewelled mace
  8144 | D:8      | Identified the +9 mace of Bread {drain, Noisy +Inv rN+++} (You found it on level 8 of the Dungeon)
  8283 | D:8      | Reached skill level 1 in Shields
  8638 | D:8      | Found a sparkling altar of Nemelex Xobeh.
  8638 | D:8      | Found a deep blue altar of Sif Muna.
  8669 | D:8      | Found a shimmering altar of Xom.
  9225 | D:9      | Acquired Cheibriados's fourth power
  9501 | D:9      | Found a staircase to the Orcish Mines.
  9708 | D:9      | Reached skill level 5 in Shields
  9841 | D:9      | Gained mutation: Your magical capacity is low (-10% MP). [mutagenic meat]
  9842 | D:9      | Gained mutation: Armour fits poorly on your strangely shaped body. [mutagenic meat]
  9843 | D:9      | Gained mutation: You are frail (-10% HP). [mutagenic meat]
  9844 | D:9      | Gained mutation: You occasionally shout uncontrollably at your foes. [mutagenic meat]
  9845 | D:9      | Gained mutation: You are very frail (-20% HP). [mutagenic meat]
  9863 | D:9      | Reached XP level 11. HP: 49/53 MP: 10/20
 10015 | D:9      | Reached skill level 5 in Maces & Flails
 10015 | D:9      | Reached skill level 1 in Armour
 10249 | D:10     | Entered Level 10 of the Dungeon
 10429 | D:10     | Found Vyghukom's Weapon Boutique.
 10513 | D:10     | Got an ivory hand axe
 10514 | D:10     | Identified the +3 hand axe of Ru's Displeasure {drain, rF+ Int+4} (You found it on level 10 of the Dungeon)
 10815 | D:10     | Noticed Erolcha
 10871 | D:10     | Killed Erolcha
 11613 | D:11     | Reached skill level 11 in Earth Magic
 11977 | D:11     | Noticed a tengu reaver
 11995 | D:11     | Killed from afar by a tengu reaver

Action                   |  1- 3 |  4- 6 |  7- 9 | 10-12 || total
-------------------------+-------+-------+-------+-------++-------
Melee: Unarmed           |    17 |       |       |       ||    17
       Short sword       |    20 |       |       |       ||    20
       Whip              |       |   145 |   320 |    55 ||   520
       Mace              |       |       |       |   263 ||   263
Throw: Stone             |       |       |    12 |     3 ||    15
 Cast: Sandblast         |    52 |    51 |   147 |    24 ||   274
       Stoneskin         |       |     2 |     1 |     1 ||     4
       Stone Arrow       |       |       |    51 |    43 ||    94
       Lee's Rapid Decon |       |       |     7 |     9 ||    16
       Petrify           |       |       |     4 |     6 ||    10
Invok: Bend Time         |       |       |     4 |     3 ||     7
       Slouch            |       |       |       |     7 ||     7
       Step From Time    |       |       |       |     1 ||     1
  Use: Scroll            |     3 |     6 |     3 |     3 ||    15
       Potion            |       |     2 |     1 |     8 ||    11
 Stab: Sleeping          |       |     6 |     4 |     6 ||    16
       Petrified         |       |       |     2 |     3 ||     5
  Eat: Chunk             |     2 |     3 |    10 |    10 ||    25
       Royal jelly       |       |     1 |     2 |       ||     3
       Beef jerky        |       |     1 |     1 |     1 ||     3
       Fruit             |       |       |     2 |     3 ||     5
       Pizza             |       |       |       |     1 ||     1
